 Dungeon Crawl Stone Soup version 0.31.0-11-ge490571c62 (webtiles) character file.

Game seed: 7329698364887239179

1452 Rassilon the Chopper (level 8, -8/71 HPs)
             Began as a Hill Orc Monk on Jan 29, 2024.
             Shot with an arrow by a centaur (9 damage)
             ... on level 6 of the Dungeon.
             The game lasted 00:41:57 (5629 turns).

Rassilon the Chopper (Hill Orc Monk)                Turns: 5629, Time: 00:41:57

Health: -8/71      AC:  7    Str: 14    XL:     8   Next: 75%
Magic:  0/11       EV: 13    Int: 16    God:
Gold:   215        SH:  4    Dex: 15    Spells: 12/12 levels left

rFire   . . .        p - +0 war axe
rCold   + . .        o - +0 buckler of Todysan {rC+}
rNeg    . . .        l - +2 robe {Will+}
rPois   .            s - +1 helmet {SInv}
rElec   .            a - scarf {+Inv}
rCorr   .            (no gloves)
SInv    +            m - +0 pair of boots
Will    +....        h - amulet of guardian spirit
Stlth   +            q - +6 ring of intelligence
HPRegen 0.31/turn    (no ring)
MPRegen 0.12/turn

%: guardian spirit
@: no status effects
A: no striking features
a: Evoke Invisibility


You were on level 6 of the Dungeon.
You visited 1 branch of the dungeon, and saw 6 of its levels.
You also visited: Sewer.

You collected 215 gold pieces.

Inventory:

Hand Weapons
 p - a +0 war axe (weapon)
 v - a +1 antimagic hand axe
Missiles
 j - 6 atropa-tipped darts (quivered)
Armour
 a - a scarf of invisibility (worn)
 d - an orb of light
 l - a +2 robe of willpower (worn)
 m - a +0 pair of boots (worn)
 o - the +0 buckler of Todysan (worn) {rC+}
   (You found it on level 2 of the Dungeon)

   rC+:       It protects you from cold.
 s - a +1 helmet of see invisible (worn)
Jewellery
 h - an amulet of guardian spirit (around neck)
 q - a +6 ring of intelligence (left hand)
 t - a ring of fire
 x - an amulet of faith
Talismans
 b - a blade talisman
Wands
 c - a wand of iceblast (8)
 f - a wand of flame (2)
Scrolls
 n - a scroll of teleportation
 r - a scroll of brand weapon
 u - a scroll of enchant armour {unknown}
 w - 2 scrolls of silence {unknown}
Potions
 g - a potion of brilliance
 i - a potion of enlightenment
 k - a potion of cancellation


   Skills:
 + Level 6.9 Fighting
 - Level 7.0 Axes
 + Level 4.7 Dodging
 + Level 2.6 Spellcasting
 + Level 3.4 Evocations
 + Level 2.8 Shapeshifting


You had 12 spell levels left.
You didn't know any spells.
Your spell library contained the following spells:

 Spells                   Type           Power      Damage    Failure   Level
 Freeze                   Ice            8%         1d3       26%         1
 Necrotise                Necr           8%         1d4       26%         1
 Frozen Ramparts          Ice            4%         1d1       63%         3
 Hailstorm                Conj/Ice       2%         3d5       63%         3
 Vampiric Draining        Necr           2%         2d6       63%         3
 Martyr's Knell           Necr/Summ      2%         N/A       95%         4
 Vhi's Electric Charge    Tloc/Air       4%         N/A       95%         4
 Arcjolt                  Conj/Air       1%         1d11      100%        5
 Curse of Agony           Necr           2%         N/A       100%        5
 Summon Forest            Summ/Tloc      1%         N/A       100%        5
 Summon Mana Viper        Hex/Summ       2%         N/A       100%        5
 Summon Cactus Giant      Summ           1%         N/A       100%        6
 Maxwell's Capacitive Co  Air            1%         ∞         100%        8


Dungeon Overview and Level Annotations

Branches:
Dungeon (6/15)              Sewer (visited)
 Temple: D:4-7

Altars:
Qazlal
Trog
Uskayaw
Beogh

Shops:
D:1 (   D:2 ?

Annotations:
D:3 3 runed translucent doors, Biggs's ghost, amateur OpSh


Message History

You barely miss the iguana. You block the centaur's attack.
The centaur kicks you but does no damage.
The iguana barely misses you. The centaur hits you.
* * * LOW HITPOINT WARNING * * *
The centaur closely misses you.
You completely miss the centaur.
The centaur is moderately wounded.
You hit the iguana.
The centaur hits you but does no damage.
The centaur kicks you but does no damage.
The iguana barely misses you. The centaur barely misses you.
The centaur kicks you but does no damage.
You slash the centaur!
The centaur is almost dead.
You barely miss the iguana. The iguana bites you.
* * * LOW HITPOINT WARNING * * *
The centaur hits you.
* * * LOW HITPOINT WARNING * * *
The centaur closely misses you. The iguana bites you!
* * * LOW HITPOINT WARNING * * *
The centaur hits you but does no damage.
The centaur closely misses you.
You closely miss the centaur.
The centaur is almost dead.
You hit the iguana. You block the centaur's attack.
The centaur kicks you but does no damage.
The iguana bites you but does no damage.
Okay, then.
Blink to where?
Press: ? - help, Dir - move target
As you read the scroll of blinking, it crumbles to dust.
An adder comes into view.
The adder hisses angrily.
The centaur wields a +0 shortbow.
The centaur shoots an arrow.
The arrow barely misses you.
The centaur shoots an arrow.
The arrow hits you.
* * * LOW HITPOINT WARNING * * *
The centaur shoots an arrow.
You block the arrow.
The centaur shoots an arrow.
The arrow hits you!
You die...

#############.#########
#.............#.......#
#.###########.#.......#####
#.# #....#'#..lc........
#.######.#...............##
#.........#..............#
#..........................
###.#####..#.....####+#...#.
#.........<.@.....S... .$...
#.#..............###.. ..#.
#.#....(>............ ...
#.#.#.......####.....
#.#.......... .....#
#.#########... ...... #.#
#.#. #..#.. #.# #.#.# .# #.#


You could see a centaur, an iguana and an adder.

Vanquished Creatures
  Sigmund (D:3)
  Eustachio (D:4)
  An ice beast (D:4)
  A sky beast (D:4)
  2 black bears (D:5)
  An ogre (D:5)
  A phantom (D:5)
  2 bullfrogs (Sewer)
  2 scorpions
  A jelly (D:4)
  An orc priest (D:4)
  2 iguanas (D:4)
  An orc wizard (D:4)
  Robin (D:2)
  11 adders
  10 dart slugs
  A ribbon worm (D:4)
  10 orcs
  6 endoplasms (Sewer)
  9 giant cockroaches
  14 goblins
  7 hobgoblins
  6 jackals
  3 quokkas
  16 ball pythons
  2 bats (D:1)
  10 frilled lizards
  5 kobolds
  11 rats
139 creatures vanquished.

Notes
Turn   | Place    | Note
-------+----------+-------------------------------------------
     0 | D:1      | Rassilon the Hill Orc Monk began the quest for the Orb.
     0 | D:1      | Reached XP level 1. HP: 19/19 MP: 1/1
   118 | D:1      | Found Dyvuedux's Weapon Shoppe.
   166 | D:1      | Reached XP level 2. HP: 16/27 MP: 2/2
  1056 | D:2      | Reached XP level 3. HP: 33/33 MP: 3/3
  1223 | D:2      | Reached skill level 5 in Axes
  1233 | D:2      | Found a faded altar of an unknown god.
  1235 | D:2      | Identified the +0 buckler of Todysan {rC+}
  1275 | D:2      | Found Ypuoky's Magic Scroll Emporium.
  1371 | D:2      | Noticed Robin
  1392 | D:2      | Killed Robin
  1395 | D:2      | Reached XP level 4. HP: 40/40 MP: 2/4
  1892 | D:3      | Noticed Sigmund
  1930 | D:3      | Killed Sigmund
  1931 | D:3      | Reached skill level 5 in Fighting
  1931 | D:3      | Reached skill level 6 in Axes
  1931 | D:3      | Reached XP level 5. HP: 48/48 MP: 2/5
  1931 | D:3      | Reached XP level 6. HP: 56/56 MP: 2/6
  2000 | D:3      | You fall into a shaft and drop 2 floors!
  2000 | D:5      | Entered Level 5 of the Dungeon
  2005 | D:4      | Noticed a sky beast
  2021 | D:4      | Found a hide-covered altar of Uskayaw.
  2133 | D:4      | Found a glowing drain.
  2142 | Sewer    | Entered a sewer
  2155 | Sewer    | Reached skill level 7 in Axes
  2545 | Sewer    | Reached skill level 1 in Evocations
  2545 | Sewer    | Reached XP level 7. HP: 27/61 MP: 3/8
  2716 | D:4      | Identified the -2 buckler of Compression {rPois rF++ Will-
                  | Dex+2}
  2790 | D:4      | Reached skill level 1 in Spellcasting
  2790 | D:4      | Reached skill level 1 in Shapeshifting
  2801 | D:4      | Noticed Eustachio
  2880 | D:4      | Killed Eustachio
  3355 | D:3      | Found a runed translucent gate.
  3357 | D:3      | Found a runed translucent gate.
  3357 | D:3      | Identified the +6 scale mail of the Reasonable God {rF+
                  | rC++ rN+ Int-2}
  3358 | D:3      | Found a runed translucent gate.
  3358 | D:3      | Noticed Biggs's ghost (amateur OpSh)
  3555 | D:3      | Found a roughly hewn altar of Beogh.
  3800 | D:4      | Reached XP level 8. HP: 52/70 MP: 8/10
  5318 | D:5      | Found a bloodstained altar of Trog.
  5523 | D:5      | Noticed an air elemental
  5526 | D:5      | Found a stormy altar of Qazlal.
  5545 | D:5      | Noticed a water elemental
  5628 | D:6      | HP: 1/71 [centaur/arrow (5)]
  5629 | D:6      | Shot with an arrow by a centaur

Illustrated notes

Levels and vault maps discovered:
D:1:      matt_arrival_spirals, layout_rooms, serial_shops, shop,
          chequers_big_river
D:2:      layout_rooms, hellmonk_ecumenical_altar_prayer_group, serial_shops,
          nicolae_shop_tiny_statue_garden, serial_corexii_hall,
          chequers_hall_statues_wall_a, corexii_hall_statues_i, uniq_robin
D:3:      layout_rooms, biasface_ghost_orc_armoury, uniq_sigmund
D:4:      layout_basic, nicolae_uskayaw_dance_hall, portal_sewer_entry_a,
          uniq_eustachio
D:5:      layout_loops_ring, nicolae_qazlal_style_of_elements, trog_antimagical
D:6:      layout_basic, lexackson_kobold_supper

Skill      XL: |  1  2  3  4  5  6  7  8 |
---------------+-------------------------+-----
Fighting       | 4 5 6 |  6.9
Axes           | 5 6 7 |  7.0
Dodging        | 3 4 |  4.7
Evocations     | 1 2 3 |  3.4
Spellcasting   | 1 2 |  2.6
Shapeshifting  | 1 2 |  2.8

Action                     |  1- 3 |  4- 6 |  7- 9 || total
---------------------------+-------+-------+-------++-------
  Melee: Hand axe          |   105 |   241 |   258 ||   604
         War axe           |       |       |    47 ||    47
         Unarmed           |       |       |     4 ||     4
  Evoke: Wand              |       |     2 |     6 ||     8
    Use: Scroll            |     2 |     6 |     4 ||    12
         Potion            |     1 |     2 |     3 ||     6
   Stab: Sleeping          |       |     1 |       ||     1
 Armour: Robe              |    58 |   102 |   203 ||   363
         Skin              |       |    21 |    60 ||    81
  Dodge: Dodged            |    71 |   111 |   199 ||   381
  Block: Buckler           |     5 |    46 |    63 ||   114
         Form:             |       |       |     1 ||     1
         Blade             |       |       |     1 ||     1
